AoeStats
← Sacresh Martire

Arabia

510336549Analyzed
1v1 RM · 21h ago on Sep 30, 2026· 30m 17s· 2 players
Game mode
Random Map
Map size
Tiny (2 player)
Population
200
Speed
Normal
Resources
Standard
Victory
Conquest
Starting age
Dark Age
Ending age
Imperial Age
RankedLock teamsTeams togetherTeam positionsShared explorationLock speedFull tech treeHidden civsTurbo modeCheats
Victory
Defeat
🇮🇹 Turks · Italy
864
+17
🇧🇪 Vikings · Belgium
883
-17
Sacresh Martire
9:12 Loom
12:38 Feudal Age
13:08 Double-Bit Axe
16:34 Gold Mining
19:29 Castle Age
17:47 Stone Mining
18:39 Scale Barding Armor
19:37 Bloodlines
21:09 Bow Saw
23:41 Husbandry
27:29 Forging
Eindbaas
11:35 Feudal Age
16:12 Castle Age
14:49 Gold Mining
15:16 Double-Bit Axe
15:15 Horse Collar
17:56 Heavy Plow
20:04 Crossbowman
25:42 Pikeman
30:17 Bow Saw
Connection lost

Rejoining the realm…

Still unreachable

The connection could not be restored.

Session expired

The server has moved on; the page needs a fresh start.